 Dungeon Crawl Stone Soup version 0.18.1-48-g4cf74bf (webtiles) character file.

593 Alarkh the Shooter (level 7, -3/50 HPs)
             Began as a Mummy Hunter on Sept 4, 2016.
             Was an Initiate of Okawaru.
             Slain by a scorpion (7 damage)
             ... on level 4 of the Dungeon.
             The game lasted 00:04:58 (3619 turns).

Alarkh the Shooter (Mummy Hunter)                   Turns: 3619, Time: 00:04:59

Health: -3/50      AC:  3    Str: 15    XL:     7   Next: 16%
Magic:  7/7        EV: 11    Int: 13    God:    Okawaru [......]
Gold:   268        SH:  0    Dex: 12    Spells: 0 memorised, 6 levels left

rFire  x . .     SeeInvis .     a - +2 shortbow
rCold  + . .     Gourm    .     c - +0 leather armour
rNeg   + + +     Faith    .     (shield currently unavailable)
rPois  ∞         Spirit   .     (no helmet)
rElec  .         Dismiss  .     (no cloak)
rCorr  .         Reflect  .     (no gloves)
SustAt .         Harm     .     (no boots)
MR     +....                    (no amulet)
Stlth  +.........               (no ring)
                                f - ring of protection from magic

@: somewhat resistant to hostile enchantments, very unstealthy
A: no food or potions, fire vulnerability, cold resistance 1, negative energy
resistance 3, torment resistance, unbreathing
a: Renounce Religion


You were on level 4 of the Dungeon.
You worshipped Okawaru.
Okawaru was noncommittal.
You were not hungry.

You visited 2 branches of the dungeon, and saw 5 of its levels.

You collected 268 gold pieces.

Inventory:

Hand Weapons
 a - a +2 shortbow (weapon)
 b - a +0 short sword
Missiles
 d - 26 arrows (quivered)
Armour
 c - a +0 leather armour (worn)
Jewellery
 f - a ring of protection from magic (left hand)
 i - an uncursed ring of teleportation
Wands
 g - a wand of flame (19/48)
 k - a wand of acid (7/15)
Scrolls
 h - 2 scrolls of magic mapping
 j - 2 scrolls of remove curse


   Skills:
 - Level 2.0 Fighting
 + Level 7.3 Bows
 - Level 1.5 Dodging
 - Level 0.7 Stealth


You had 6 spell levels left.
You didn't know any spells.

Dungeon Overview and Level Annotations

Branches:
Dungeon (4/15)             Temple (1/1) D:4

Altars:
Cheibriados
Dithmenos
Fedhas
Kikubaaqudgha
Makhleb
Okawaru
Pakellas
Qazlal
Ru
Vehumet
Xom
Zin
The Shining One


Innate Abilities, Weirdness & Mutations

You do not eat or drink.
Your flesh is vulnerable to fire.
You are immune to poison.
Your flesh is cold resistant.
You are immune to negative energy.
You are immune to unholy pain and torment.
You can survive without breathing.


Message History

You destroy the centaur skeleton!
Okawaru accepts your kill.
Firing (i - inventory):
d - 29 arrows (quivered)
Press: ? - help, Shift-Dir - straight line, f - scorpion
Aim: a scorpion You shoot an arrow.
The arrow closely misses the scorpion.
The scorpion stings you.
* * * LOW HITPOINT WARNING * * *
Firing (i - inventory):
d - 28 arrows (quivered)
Press: ? - help, Shift-Dir - straight line, f/p - scorpion
Aim: a scorpion You shoot an arrow.
The arrow barely misses the scorpion.
The scorpion stings you.
* * * LOW HITPOINT WARNING * * *
Firing (i - inventory):
d - 27 arrows (quivered)
Press: ? - help, Shift-Dir - straight line, f/p - scorpion
Aim: a scorpion You shoot an arrow.
The arrow barely misses the scorpion.
The scorpion stings you!
You die...

# # # # #
###..%. #.#
....... #..##
#### ###.#.a
.... ..# ##.##
#.# #.
##...###@#
#..##.....##s#
#..#.......#(#
......._..Z.(#
####.......###
##.(...##
##.(.## ##(##
#..#


You could see a scorpion.

Vanquished Creatures
  A phantom (D:4)
  A scorpion (D:4)
  A howler monkey (D:4)
  2 hounds (D:4)
  2 orc wizards (D:4)
  A centaur skeleton (D:4)
  2 orc priests
  2 worker ants (D:4)
  A howler monkey skeleton (D:4)
  7 adders
  A worm (D:3)
  5 dart slugs
  A giant gecko (D:3)
  11 orcs
  2 giant cockroaches
  4 goblins
  6 hobgoblins
  3 jackals (D:1)
  3 quokkas
  A ball python (D:3)
  6 bats
  2 giant newts
  3 kobolds (D:3)
  6 rats
74 creatures vanquished.

Vanquished Creatures (others)
  An orc wizard (D:4)
1 creature vanquished.

Grand Total: 75 creatures vanquished

Notes
Turn   | Place    | Note
--------------------------------------------------------------
     0 | D:1      | Alarkh the Mummy Hunter began the quest for the Orb.
     0 | D:1      | Reached XP level 1. HP: 16/16 MP: 1/1
   206 | D:1      | Reached XP level 2. HP: 18/22 MP: 2/2
   529 | D:2      | Reached skill level 4 in Bows
   645 | D:2      | Reached XP level 3. HP: 21/27 MP: 3/3
  1296 | D:2      | Reached XP level 4. HP: 22/33 MP: 4/4
  1775 | D:3      | Reached skill level 5 in Bows
  1880 | D:3      | Noticed an orc warrior
  1924 | D:4      | Reached XP level 5. HP: 31/38 MP: 5/5
  1947 | D:4      | Found a staircase to the Ecumenical Temple.
  1974 | Temple   | Entered the Ecumenical Temple
  2972 | D:4      | Noticed a phantom
  2987 | D:4      | Killed a phantom
  2987 | D:4      | Reached skill level 6 in Bows
  2987 | D:4      | Reached XP level 6. HP: 12/44 MP: 6/6
  3579 | D:4      | Reached skill level 7 in Bows
  3580 | D:4      | Found an iron altar of Okawaru.
  3590 | D:4      | Became a worshipper of Warmaster Okawaru
  3604 | D:4      | Reached XP level 7. HP: 37/50 MP: 7/7
  3619 | D:4      | Slain by a scorpion

Skill      XL: |  1  2  3  4  5  6 |
---------------+-------------------+-----
Bows           | 4 5 6 7 |  7.3
Fighting       | |  2.0
Dodging        | |  1.5
Stealth        | |  0.7

Action                   |  1- 3 |  4- 6 |  7- 9 || total
-------------------------+-------+-------+-------++-------
Melee: Short sword       |    40 |       |       ||    40
 Fire: Shortbow          |    74 |   190 |    15 ||   279
Evoke: Wand              |       |     3 |       ||     3
  Use: Scroll            |       |     7 |       ||     7
Armor: Leather armour    |    21 |    23 |       ||    44
Dodge: Dodged            |    57 |    42 |     7 ||   106
